Match 46024842
Unlisted

Match 46024842
End
Vickers Machine Gun Team
Selects Australian Defense Battlegroup
Selects Australian Light Infantry Section
Australian Light Infantry Section
Australian Light Infantry Section
Australian Light Infantry Section
Construct Section Command Post
Construct Platoon Command Post
Selects CMP 15cwt Supply Run
Humber Armored Car
CMP 15cwt Truck
6-pounder Anti-tank Gun Team
6-pounder Anti-tank Gun Team
Selects Reinforced Resource Caches
Unlock Bishop Self-propelled Artillery
Bishop Self-propelled Artillery
Bishop Self-propelled Artillery
Royal Engineer Section
Vickers Machine Gun Team
Forward Retreat Point
Selects Archer Tank Destroyer
Archer Tank Destroyer
Selects 2-pounder Anti-tank Gun Team
Armored Vehicle Training
Infantry Training
Team Weapon Training
Construct Company Command Post
Archer Tank Destroyer
Archer Tank Destroyer
CMP 15cwt Truck
CMP 15cwt Truck
Royal Engineer Section
Selects Vehicle Over Repair
drinu019
12345+5
可叹落叶飘零
St. Jordi Corporation
这游戏太难了
SAMIE T
0
0

Comments sign in to comment!

No comments posted yet!